 Dungeon Crawl Stone Soup version 0.26.0-45-g9c1d065592 (webtiles) character file.

Game seed: 4936002187633368700

23 trckry the Bolt Thrower (level 2, 0/17 HPs)
             Began as a Tengu Hunter on Jan 28, 2021.
             Slain by a bat (1 damage)
             ... on level 1 of the Dungeon.
             The game lasted 00:02:27 (1050 turns).

trckry the Bolt Thrower (Tengu Hunter)              Turns: 1050, Time: 00:02:28

Health: 0/17       AC:  3    Str: 12    XL:     2   Next: 95%
Magic:  3/3        EV: 12    Int: 11    God:
Gold:   123        SH:  0    Dex: 14    Spells: 1/1 levels left

rFire    . . .     SeeInvis .   b - +0 hand axe
rCold    . . .     Faith    .   (no shield)
rNeg     . . .     Spirit   .   c - +0 leather armour
rPois    .         Reflect  .   (helmet restricted)
rElec    .         Harm     .   (no cloak)
rCorr    .         Rampage  .   (no gloves)
Will     .....                  (boots unavailable)
Stlth    +.........             (no amulet)
HPRegen  0.05/turn              (no ring)
MPRegen  0.08/turn              (no ring)

@: no status effects
A: beak, talons 3
a: no special abilities


You were on level 1 of the Dungeon.
You visited 1 branch of the dungeon, and saw 1 of its levels.

You collected 123 gold pieces.

Inventory:

Hand Weapons
 a - a +1 hand crossbow
 b - a +0 hand axe (weapon)
Missiles
 d - 30 bolts
Armour
 c - a +0 leather armour (worn)
 i - +0 ice dragon scales
Jewellery
 h - a cursed ring of attention {unknown}
Scrolls
 e - a scroll of amnesia {unknown}
 g - a scroll of teleportation {unknown}
 j - a scroll of remove curse {unknown}
 k - a scroll of identify {unknown}
Potions
 f - 3 potions of heal wounds {unknown}


   Skills:
 + Level 2.3 Fighting
 * Level 4.8 Crossbows
 + Level 1.0 Armour
 + Level 2.5 Dodging
 - Level 1.0 Stealth


You had one spell level left.
You didn't know any spells.
Your spell library was empty.

Dungeon Overview and Level Annotations

Branches:
Dungeon (1/15)

Altars:


Innate Abilities, Weirdness & Mutations

You have a beak for a mouth.
You have claws for feet.


Message History

The bat barely misses you. The bat hits you but does no damage.
The bat barely misses you. The bat barely misses you.
The bat hits you but does no damage. The bat hits you but does no damage.
The bat closely misses you. The bat hits you but does no damage. x2
The bat barely misses you. The bat hits you but does no damage.
The bat hits you.
* * * LOW HITPOINT WARNING * * *
The bat misses you. x2
The bat misses you. The bat barely misses you. The bat misses you.
The bat hits you but does no damage. The bat closely misses you.
The bat closely misses you. x2
You hit the bat but do no damage. Your kick misses the bat. You miss the bat.
The bat hits you.
* * * LOW HITPOINT WARNING * * *
The bat hits you but does no damage. The hobgoblin hits you.
* * * LOW HITPOINT WARNING * * *
The bat barely misses you. The bat hits you but does no damage.
The bat hits you.
You die...

# #### . #.. . ##.###. #.).#..
######### ##.#..?# ........#
#############..##)..
........######..........#)..#..#.
........#..)....@.........>...###
..........####...bg..............
........######.b..g..........$...
........................#########
.........#####..........# #
........## #..........# ##
........# ###...###### ##.
###.##### #.### ##.# #..# #(#
#.##


You could see 2 hobgoblins and 2 bats.

Vanquished Creatures
  A dart slug (D:1)
  A leopard gecko (D:1)
  2 bats (D:1)
  A giant cockroach (D:1)
  A goblin (D:1)
  6 hobgoblins (D:1)
  A frilled lizard (D:1)
  2 kobolds (D:1)
  3 rats (D:1)
18 creatures vanquished.

Vanquished Creatures (others)
  5 toadstools (D:1)
5 creatures vanquished.

Grand Total: 23 creatures vanquished

Notes
Turn   | Place    | Note
-------+----------+-------------------------------------------
     0 | D:1      | trckry the Tengu Hunter began the quest for the Orb.
     0 | D:1      | Reached XP level 1. HP: 12/12 MP: 2/2
   305 | D:1      | Reached XP level 2. HP: 14/17 MP: 3/3
   912 | D:1      | Reached skill level 1 in Armour
  1049 | D:1      | HP: 2/17 [bat (1)]
  1050 | D:1      | Slain by a bat

Illustrated notes

Levels and vault maps discovered:
D:1:      nagdon_arrival_double_spiral, layout_rooms, minmay_gold_behind_fungi,
          hex_large, minmay_tetromino_t4

Skill      XL: |  1  2 |
---------------+-------+-----
Armour         | 1 |  1.0
Fighting       | |  2.3
Crossbows      | |  4.8
Dodging        | |  2.5
Stealth        | |  1.0

Action                   || total
-------------------------++-------
Melee: Short sword       ||    20
       Kick              ||     9
       Peck              ||    14
       Hand axe          ||    42
 Fire: Hand crossbow     ||     1
Armor: Leather armour    ||    31
Dodge: Dodged            ||    56
